[Event "Titled Tuesday Blitz October 5 2021"]
[White "Krivonosov, Oleg"]
[Black "Aggelis, Nikolaos"]
[WhiteFideId "11600349"]
[BlackFideId "4213220"]
[WhiteElo "2469"]
[BlackElo "2154"]
[Result "1-0"]
[Round "11"]
[TimeControl "180+1"]
[Date "2021.10.05"]
[WhiteClock "0:01:20"]
[BlackClock "0:00:24"]

1. Nf3 Nf6 2. c4 g6 3. Nc3 d5 4. cxd5 Nxd5 5. e4 Nxc3 6. dxc3 Qxd1+ 7. Kxd1 f6 8. Be3 e5 9. Nd2 Be6 10. Bc4 Kf7 11. Kc2 Nd7 12. Rhd1 Bc5 13. Nb3 Bd6 14. Bxe6+ Kxe6 15. Na5 Rab8 16. Nc4 Nb6 17. Bxb6 axb6 18. Nxd6 cxd6 19. Rd5 Rhc8 20. Rad1 Rc6 21. Rb5 Ra8 22. a3 Ra5 23. Rxa5 bxa5 24. Rd5 Rc5 25. Rxc5 dxc5 26. Kb3 Kd6 27. Ka4 b6 28. Kb5 Kc7 29. Ka6 Kc6 30. b3 h5 31. c4 Kc7 32. f3 h4 33. g3 hxg3 34. hxg3 Kc6 35. g4 Kc7 36. Ka7 Kc6 37. Kb8 b5 38. a4 bxc4 39. bxc4 Kd6 40. Kb7 f5 41. g5 1-0


[Site "https://www.chess.com"]

[Event "Titled Tuesday Blitz October 5 2021"]
[White "Krysa, Leandro"]
[Black "Sokolin, Leonid"]
[WhiteFideId "116807"]
[BlackFideId "2009161"]
[WhiteElo "2490"]
[BlackElo "2394"]
[Result "1/2-1/2"]
[Round "11"]
[TimeControl "180+1"]
[Date "2021.10.05"]
[WhiteClock "0:00:04"]
[BlackClock "0:00:41"]

1. e4 c5 2. Nf3 Nc6 3. d4 cxd4 4. Nxd4 e5 5. Nf5 d5 6. Qxd5 Qxd5 7. exd5 Bxf5 8. dxc6 bxc6 9. Bd3 Bxd3 10. cxd3 Kd7 11. Ke2 Nf6 12. Be3 Nd5 13. Rc1 Bd6 14. Nd2 f5 15. g3 Rhb8 16. Nc4 Bc7 17. Bc5 a5 18. Rc2 a4 19. Rac1 Ra6 20. Ba3 g5 21. Ne3 Nxe3 22. fxe3 Bd6 23. Bxd6 Kxd6 24. e4 f4 25. gxf4 gxf4 26. Kf3 Rab6 27. Rc4 R8b7 28. R1c2 Kd7 29. d4 Rxb2 30. dxe5 a3 31. Rxc6 Rxc2 32. Rxc2 Rb2 33. Rc5 Rxa2 34. Kxf4 Rxh2 35. Ra5 a2 36. Ra7+ Ke6 37. Ra6+ Ke7 38. Ra7+ Ke6 39. Ra6+ Ke7 40. e6 a1=Q 41. Rxa1 Kxe6 42. Ra6+ Kf7 43. Ra7+ Ke6 44. Ra6+ Kf7 45. Ke5 h5 46. Ra7+ Kg6 47. Ke6 Re2 48. e5 h4 49. Ra8 Kg5 50. Rh8 Kg4 51. Kf6 h3 52. e6 Kg3 53. e7 h2 54. Kf7 Kg2 55. Rg8+ Kf1 56. Rh8 Kg2 57. Rg8+ Kf1 58. Rh8 Kg2 1/2-1/2


[Site "https://www.chess.com"]

[Event "Titled Tuesday Blitz October 5 2021"]
[White "Lehtosaari, Mauri"]
[Black "Tarasova, Viktoriya"]
[WhiteFideId "501999"]
[BlackFideId "4175840"]
[WhiteElo "2438"]
[BlackElo "2182"]
[Result "1-0"]
[Round "11"]
[TimeControl "180+1"]
[Date "2021.10.05"]
[WhiteClock "0:00:38"]
[BlackClock "0:00:20"]

1. d4 Nf6 2. Nf3 e6 3. Bg5 d5 4. Nbd2 Be7 5. e3 h6 6. Bh4 b6 7. Bd3 Bb7 8. O-O Ne4 9. Bxe7 Qxe7 10. Ne5 O-O 11. f4 Nd7 12. Ndf3 c5 13. Nxd7 Qxd7 14. Ne5 Qc7 15. Bxe4 dxe4 16. c3 Rad8 17. Qh5 Kh7 18. Rad1 cxd4 19. Rxd4 Rxd4 20. cxd4 Bd5 21. b3 f6 22. Qg6+ Kh8 23. Ng4 Qf7 24. Qxf7 Rxf7 25. Rc1 Bb7 26. Nf2 Kg8 27. Nd1 Kf8 28. Kf2 Ke8 29. Ke2 Kd8 30. Nc3 Rc7 31. Kd2 Ba6 32. g3 f5 33. Na4 Rxc1 34. Kxc1 Kc7 35. Kd2 Kd6 36. Kc3 Bb7 37. Nb2 Bc6 38. Nc4+ Ke7 39. Ne5 Be8 40. Kc4 Kd6 41. a4 a5 42. Kc3 Kc7 43. g4 g6 44. h4 h5 45. g5 Kd6 46. Kc4 Kc7 47. b4 axb4 48. Kxb4 Kd6 49. Nc4+ Kc7 50. a5 bxa5+ 51. Nxa5 Kd6 52. Nc4+ Kd5 53. Ne5 Kd6 54. Kc4 Kc7 55. Kc5 Ba4 56. Nxg6 Kd8 57. Kd6 Bb3 58. Nf8 Ke8 59. Nxe6 1-0


[Site "https://www.chess.com"]

[Event "Titled Tuesday Blitz October 5 2021"]
[White "Liyanage, Ranindu Dilshan"]
[Black "Ertan, Can"]
[WhiteFideId "9915834"]
[BlackFideId "6306330"]
[WhiteElo "1839"]
[BlackElo "2223"]
[Result "1-0"]
[Round "11"]
[TimeControl "180+1"]
[Date "2021.10.05"]
[WhiteClock "0:01:51"]
[BlackClock "0:00:07"]

1. e4 e5 2. Nf3 Nc6 3. Bc4 Bc5 4. c3 Nf6 5. d3 d6 6. h3 a6 7. Bb3 O-O 8. Nbd2 Ba7 9. Nf1 d5 10. Qe2 h6 11. Ng3 Be6 12. Nh2 Re8 13. Qf3 b5 14. Ng4 Nxg4 15. hxg4 Ne7 16. g5 hxg5 17. Bxg5 f6 18. Bxf6 Rf8 19. Nh5 Qe8 20. exd5 Nxd5 21. Bxd5 gxf6 22. Nxf6+ 1-0


[Site "https://www.chess.com"]

[Event "Titled Tuesday Blitz October 5 2021"]
[White "Madaminov, Mukhiddin"]
[Black "Sarana, Alexey"]
[WhiteFideId "14210703"]
[BlackFideId "24133795"]
[WhiteElo "2705"]
[BlackElo "2968"]
[Result "1-0"]
[Round "11"]
[TimeControl "180+1"]
[Date "2021.10.05"]
[WhiteClock "0:00:06"]
[BlackClock "0:00:08"]

1. e4 c5 2. Nf3 d6 3. Bb5+ Bd7 4. c4 e6 5. O-O Be7 6. Nc3 Bf6 7. d4 cxd4 8. Nxd4 Nc6 9. Be3 Nge7 10. Qd2 O-O 11. Rad1 Rc8 12. Nxc6 bxc6 13. Ba6 Qa5 14. Bxc8 Nxc8 15. Nd5 Bd8 16. Qxa5 Bxa5 17. Nc3 Rd8 18. Rd3 Be8 19. Rfd1 Kf8 20. e5 d5 21. Bc5+ Kg8 22. Ne4 Bc7 23. f4 f6 24. exf6 Bg6 25. f7+ Bxf7 26. Ng5 Nb6 27. b3 Nd7 28. Bxa7 Ra8 29. Bd4 Bg6 30. Nxe6 Bd6 31. R3d2 c5 32. Bxg7 d4 33. Bxd4 cxd4 34. Rxd4 Rxa2 35. Rxd6 Nf6 36. Rd8+ Kf7 37. Ng5+ Ke7 38. R8d2 Ra3 39. Re1+ Kf8 40. Rd8+ Kg7 41. Rd6 Rxb3 42. Re7+ Kf8 43. Ra7 Rb1+ 44. Kf2 Rb2+ 45. Kg3 Nh5+ 46. Kh4 Be8 47. Rd8 Re2 48. Rf7+ Kg8 49. Rxe8+ Rxe8 50. Kxh5 Rc8 51. Rxh7 Rxc4 52. Rd7 Rc2 53. Kg6 Rc6+ 54. Kh5 Kf8 55. g4 Ra6 56. Rh7 Kg8 57. Rh6 Ra2 58. f5 Rxh2+ 59. Kg6 Ra2 60. f6 Ra6 61. Rh1 Rb6 62. Rd1 Rb8 63. Rd7 Rf8 64. Rg7+ Kh8 65. Rh7+ Kg8 66. f7+ Rxf7 67. Rxf7 Kh8 68. Rf8# 1-0


[Site "https://www.chess.com"]

[Event "Titled Tuesday Blitz October 5 2021"]
[White "Majdan, Joanna"]
[Black "Lewtak, Damian"]
[WhiteFideId "1121979"]
[BlackFideId "1141724"]
[WhiteElo "2270"]
[BlackElo "2203"]
[Result "1/2-1/2"]
[Round "11"]
[TimeControl "180+1"]
[Date "2021.10.05"]
[WhiteClock "0:00:26"]
[BlackClock "0:00:31"]

1. e4 c5 2. c3 d5 3. exd5 Qxd5 4. d4 Nf6 5. Nf3 Nc6 6. Be3 Bg4 7. Nbd2 cxd4 8. Bc4 Qa5 9. cxd4 e6 10. O-O Bd6 11. h3 Bh5 12. Nb3 Qf5 13. Be2 Qd5 14. Rc1 O-O 15. Nc5 Bxc5 16. Rxc5 Qd8 17. Qb3 Qe7 18. Rb5 b6 19. Rd1 Bg6 20. Ne5 Nxe5 21. dxe5 Nd5 22. Bf3 Rad8 23. Bxd5 exd5 24. Rbxd5 h6 25. Rxd8 Rxd8 26. Rxd8+ Qxd8 27. e6 fxe6 28. Qxe6+ Bf7 29. Qg4 h5 30. Qa4 Qc7 31. a3 Bd5 32. Qh4 Qf7 33. Qg5 Kh7 34. Bd4 Bb7 35. Bc3 Qg6 36. h4 Qxg5 37. hxg5 g6 38. f4 Kg8 39. g3 Kf7 40. Kf2 Ke6 41. Ke3 Kf5 42. Kf2 Ke4 43. Bf6 Bc8 44. Bg7 Bf5 45. Bf6 Kd3 46. Bg7 Kc2 47. Bf6 b5 48. Ke3 a5 49. Bc3 b4 50. axb4 axb4 51. Bxb4 Kxb2 52. Be7 Kc2 53. Bf6 Kd1 54. Kf2 Kd2 55. Kg1 Ke2 56. Kg2 Be4+ 57. Kh2 Kf3 58. Be5 Kg4 59. Bd6 Bf5 60. Be5 Kf3 61. Bd6 Kg4 62. Be5 Kf3 63. Bd6 Kg4 1/2-1/2


[Site "https://www.chess.com"]

[Event "Titled Tuesday Blitz October 5 2021"]
[White "Martin Carmona, Gaston Manuel"]
[Black "Iskusnyh, Sergei"]
[WhiteFideId "22284567"]
[BlackFideId "4120027"]
[WhiteElo "2161"]
[BlackElo "2492"]
[Result "1/2-1/2"]
[Round "11"]
[TimeControl "180+1"]
[Date "2021.10.05"]
[WhiteClock "0:00:14"]
[BlackClock "0:00:16"]

1. d4 d5 2. Nf3 Nf6 3. c4 c6 4. e3 a6 5. Nc3 e6 6. b3 Bb4 7. Bd2 Nbd7 8. Bd3 O-O 9. O-O Bd6 10. Qc2 e5 11. cxd5 cxd5 12. dxe5 Nxe5 13. Nxe5 Bxe5 14. h3 Bd7 15. Rac1 Qe7 16. Ne2 Rac8 17. Bc3 Bb8 18. Qd2 Rfd8 19. Rfd1 Qd6 20. Ng3 Qe7 21. Ba5 Re8 22. Nf1 Bc6 23. Bc3 Ne4 24. Bxe4 dxe4 25. Qd4 f6 26. Bb4 Qf7 27. Bd6 Rcd8 28. Qb4 Ba7 29. Bc5 Bb8 30. Bd6 Bxd6 31. Rxd6 Qe7 32. Rcd1 Rxd6 33. Qxd6 Qxd6 34. Rxd6 Bb5 35. Nd2 Bd3 36. Rd7 Rc8 37. Rxb7 Rc1+ 38. Kh2 Rc2 39. Nc4 Rxf2 40. Nd6 h5 41. Kg3 Rxa2 42. b4 h4+ 43. Kxh4 Rxg2 44. Re7 Be2 45. Re8+ Kh7 46. Re7 Kg8 47. Re8+ Kh7 48. Re7 Kh6 49. Nf5+ Kh7 50. Nd6 1/2-1/2


[Site "https://www.chess.com"]

[Event "Titled Tuesday Blitz October 5 2021"]
[White "Martin, Lewis"]
[Black "Spitzl, Vinzent"]
[WhiteFideId "410551"]
[BlackFideId "12901253"]
[WhiteElo "2145"]
[BlackElo "2160"]
[Result "0-1"]
[Round "11"]
[TimeControl "180+1"]
[Date "2021.10.05"]
[WhiteClock "0:00:02"]
[BlackClock "0:00:22"]

1. e4 d5 2. exd5 Qxd5 3. Nc3 Qd8 4. Nf3 Nf6 5. d4 g6 6. Be2 Bg7 7. O-O O-O 8. h3 a6 9. Be3 b5 10. Qd2 Bb7 11. Bh6 Nc6 12. Bxg7 Kxg7 13. Rad1 Nb4 14. a3 Nbd5 15. Ne5 Qd6 16. Bf3 Rad8 17. Rfe1 Nxc3 18. Qxc3 Bxf3 19. Qxf3 Nd5 20. c3 c5 21. dxc5 Qxc5 22. Rd4 Nf6 23. Nd3 Qc7 24. Rxd8 Rxd8 25. Nb4 Qd6 26. Qc6 Qxc6 27. Nxc6 Rd2 28. b4 Nd5 29. Nxe7 Nxc3 30. Nc6 Ne2+ 31. Kh2 Nf4 32. Kg3 Nd3 33. Re7 Nxf2 34. Nb8 Nd1 35. Nxa6 Rd3+ 36. Kh2 Rxa3 37. Nc7 Rb3 38. Re4 Nb2 39. Nxb5 Nd3 40. Nd6 Rxb4 41. Rxb4 Nxb4 42. Kg3 Nd5 43. Kf3 f5 44. g4 Kf6 45. gxf5 gxf5 46. Nc4 Nc7 47. Ne3 Ne6 48. Nd5+ Ke5 49. Ne7 Nd4+ 50. Kf2 f4 51. Ng8 Nf5 52. Kf3 Nd4+ 53. Kf2 Ke4 54. Nh6 Nc6 55. h4 Ne5 56. h5 Nd3+ 57. Kf1 f3 58. Ng4 Kf5 0-1


[Site "https://www.chess.com"]

[Event "Titled Tuesday Blitz October 5 2021"]
[White "Martinovici, Ilia"]
[Black "Kotepalli, Sai Nirupama"]
[WhiteFideId "13907034"]
[BlackFideId "5039444"]
[WhiteElo "2303"]
[BlackElo "2476"]
[Result "1-0"]
[Round "11"]
[TimeControl "180+1"]
[Date "2021.10.05"]
[WhiteClock "0:01:16"]
[BlackClock "0:00:56"]

1. d4 g6 2. c4 Bg7 3. Nc3 e6 4. e4 Ne7 5. f4 d5 6. cxd5 exd5 7. e5 O-O 8. Nf3 Be6 9. Bd3 b6 10. O-O c5 11. Nb5 Nbc6 12. Be3 cxd4 13. Nfxd4 Nxd4 14. Nxd4 Rc8 15. Qa4 a5 16. Rac1 Bd7 17. Qb3 Rb8 18. Rc2 f6 19. e6 Be8 20. f5 gxf5 21. Bxf5 Bg6 22. g4 Rc8 23. Rxc8 Nxc8 24. h4 Nd6 25. Qxd5 Nxf5 26. Qxd8 Rxd8 27. gxf5 Bh5 28. Rc1 Bf8 29. Nc6 Rd5 30. e7 Bg7 31. e8=Q+ Bxe8 32. Ne7+ 1-0


[Site "https://www.chess.com"]

[Event "Titled Tuesday Blitz October 5 2021"]
[White "Melian, Juan Sebastian"]
[Black "Manukian, Artak"]
[WhiteFideId "3706575"]
[BlackFideId "13301373"]
[WhiteElo "1672"]
[BlackElo "2355"]
[Result "1/2-1/2"]
[Round "11"]
[TimeControl "180+1"]
[Date "2021.10.05"]
[WhiteClock "0:00:05"]
[BlackClock "0:00:07"]

1. d4 Nf6 2. Nf3 g6 3. g3 Bg7 4. Bg2 O-O 5. O-O d6 6. c4 Nbd7 7. b3 e5 8. Bb2 a5 9. a3 h5 10. Nc3 exd4 11. Nxd4 Nc5 12. Qc2 h4 13. Rfe1 hxg3 14. hxg3 Re8 15. e4 Ng4 16. Rad1 Ne5 17. f4 Ng4 18. Nf3 c6 19. Nb1 Qb6 20. Bd4 Bxd4+ 21. Nxd4 Ne6 22. Qc3 Rd8 23. Bf3 Nf6 24. Kg2 Nxd4 25. Qxd4 Qxd4 26. Rxd4 Bg4 27. Red1 Bxf3+ 28. Kxf3 Ne8 29. e5 Rd7 30. exd6 b6 31. Nc3 Rad8 32. Ne4 f5 33. Ng5 Rxd6 34. Ne6 Rxd4 35. Rxd4 Rxd4 36. Nxd4 c5 37. Nb5 Kf7 38. Nc3 Nc7 39. Ke3 Ke6 40. Kd3 Kd6 41. Ne2 Ne6 42. Nc3 Nd4 43. b4 axb4 44. axb4 Nc6 45. Nb5+ Kd7 46. bxc5 bxc5 47. Ke3 Na5 48. Kd3 Nc6 49. Nc3 Nb4+ 50. Ke3 Kd6 51. Nb5+ Kc6 52. Nc3 Nc2+ 53. Kd3 Nd4 54. Nd5 Kd6 55. Ke3 Ne6 56. Nf6 g5 57. Nd5 gxf4+ 58. gxf4 Nd8 59. Nf6 Ke6 60. Nh7 Nc6 61. Ng5+ Kd6 62. Nf3 Na5 63. Kd3 Nc6 64. Ng5 Nb4+ 65. Kc3 Nc6 66. Kd3 Nb4+ 67. Kc3 Nc6 68. Nf3 Ne7 69. Kd3 Ng6 70. Ke3 Ne7 71. Ng5 Nc6 72. Nf7+ Ke6 73. Ng5+ Kd6 1/2-1/2


[Site "https://www.chess.com"]

[Event "Titled Tuesday Blitz October 5 2021"]
[White "Nenezic, Marko"]
[Black "Vovk, Orest"]
[WhiteFideId "912123"]
[BlackFideId "14113490"]
[WhiteElo "2484"]
[BlackElo "2203"]
[Result "0-1"]
[Round "11"]
[TimeControl "180+1"]
[Date "2021.10.05"]
[WhiteClock "0:00:24"]
[BlackClock "0:00:02"]

1. d4 h6 2. c4 g5 3. Nc3 Bg7 4. e4 c5 5. d5 Bxc3+ 6. bxc3 d6 7. h4 Qa5 8. hxg5 hxg5 9. Rxh8 Qxc3+ 10. Bd2 Qxh8 11. Bxg5 Qe5 12. Be3 Qxe4 13. Nf3 Bg4 14. Bd3 Bxf3 15. gxf3 Qh4 16. Rb1 Nd7 17. Rxb7 Ne5 18. Be2 Kf8 19. f4 Ng6 20. Qd3 Nf6 21. Qf5 Qh1+ 22. Kd2 Ne4+ 23. Kc2 Qe1 24. Qxe4 Qxe2+ 25. Kb3 a5 26. a4 Qd1+ 27. Qc2 Qf1 28. Ka2 Kg7 29. Qb2+ Kg8 30. Qc3 f5 31. Rb1 Qe2+ 32. Ka3 Kf7 33. Rh1 Rb8 34. Rh7+ Ke8 35. Rh8+ Nxh8 36. Qxh8+ Kf7 37. Qxb8 Qxc4 38. Qb3 Qe2 39. Qc3 Qd1 40. Qxa5 Qa1+ 41. Kb3 Qb1+ 42. Kc3 Qe1+ 43. Bd2 Qxf2 44. Qxc5 Qxc5+ 0-1


[Site "https://www.chess.com"]

[Event "Titled Tuesday Blitz October 5 2021"]
[White "Nilsen, Tobias Lang"]
[Black "Langrock, Hannes"]
[WhiteFideId "1521624"]
[BlackFideId "4655290"]
[WhiteElo "1975"]
[BlackElo "2325"]
[Result "0-1"]
[Round "11"]
[TimeControl "180+1"]
[Date "2021.10.05"]
[WhiteClock "0:02:02"]
[BlackClock "0:01:00"]

1. d4 Nf6 2. Bf4 d5 3. e3 e6 4. Bd3 Bd6 5. Nd2 Bxf4 6. exf4 c5 7. c3 cxd4 8. cxd4 Nc6 9. Ngf3 Qb6 10. Nb3 a5 11. O-O a4 12. Nc5 Nxd4 13. Nxd4 Qxc5 14. Rc1 Qb6 15. g4 Bd7 16. g5 Qxd4 17. gxf6 gxf6 18. Qf3 Bc6 19. Rfd1 Qb4 20. a3 Qxb2 21. Rc2 Qxa3 22. Re1 Rg8+ 23. Kh1 Qd6 24. Rd2 a3 25. Bf5 0-1


[Site "https://www.chess.com"]

[Event "Titled Tuesday Blitz October 5 2021"]
[White "Novik, Maxim"]
[Black "Kanyamarala, Tarun"]
[WhiteFideId "4102924"]
[BlackFideId "45004714"]
[WhiteElo "2316"]
[BlackElo "2077"]
[Result "0-1"]
[Round "11"]
[TimeControl "180+1"]
[Date "2021.10.05"]
[WhiteClock "0:01:20"]
[BlackClock "0:01:01"]

1. d4 f5 2. g3 Nf6 3. Bg2 g6 4. Nf3 Bg7 5. O-O O-O 6. c4 d6 7. b4 a5 8. b5 c6 9. Nc3 h6 10. a4 Ne4 11. Bb2 d5 12. cxd5 cxd5 13. Qb3 e6 14. Ne5 Nd2 15. Qa2 Nxf1 16. Rxf1 Kh7 17. Ba3 Rf6 18. Rc1 Nd7 19. Nd3 Nb6 20. Ne5 Nd7 21. e3 Nxe5 22. dxe5 Rf7 23. f4 Rc7 24. Bd6 Rc4 25. Bf1 Qb6 26. Kf2 Rb4 27. Bxb4 axb4 28. Ne2 Bd7 29. Nd4 Qa5 30. Rc7 Qxc7 31. Qb3 Qc3 32. Qd1 b3 0-1


[Site "https://www.chess.com"]

[Event "Titled Tuesday Blitz October 5 2021"]
[White "Ozen, Bahadir"]
[Black "Zhigalko, Sergei"]
[WhiteFideId "6337058"]
[BlackFideId "13502956"]
[WhiteElo "2503"]
[BlackElo "2662"]
[Result "1/2-1/2"]
[Round "11"]
[TimeControl "180+1"]
[Date "2021.10.05"]
[WhiteClock "0:00:21"]
[BlackClock "0:00:03"]

1. d4 Nf6 2. c4 e6 3. Nf3 b6 4. g3 Ba6 5. b3 Bb4+ 6. Bd2 Be7 7. Bg2 c6 8. Bc3 d5 9. Nbd2 Nbd7 10. e4 O-O 11. O-O b5 12. Re1 bxc4 13. bxc4 dxc4 14. Qa4 Bb5 15. Qc2 Qc7 16. a4 Ba6 17. Rad1 Rab8 18. Bf1 c5 19. d5 exd5 20. exd5 Nxd5 21. Nxc4 Nxc3 22. Qxc3 Bf6 23. Qa5 Qxa5 24. Nxa5 Bxf1 25. Rxf1 Nb6 26. Nc6 Rb7 27. a5 Nc4 28. Rc1 Rc8 29. Rfe1 g6 30. Nxa7 Rxa7 31. Rxc4 Rxa5 32. Rec1 h5 33. h4 Kf8 34. Kf1 Be7 35. Ne5 Ra7 36. Rf4 Bd6 37. Re4 Bxe5 38. Rxe5 Rac7 39. Rc4 Kg7 40. f4 Kf6 41. Kf2 Rc6 42. Kf3 R8c7 43. Kf2 Rc8 44. Kf3 R8c7 45. Kf2 Kg7 46. Kf3 f6 47. Rd5 Kf7 48. f5 gxf5 49. Rxf5 Kg6 50. Rd5 Rc8 51. g4 hxg4+ 52. Kxg4 R8c7 53. h5+ Kh6 54. Kf4 Rc8 55. Rf5 R8c7 56. Rd5 Rc8 57. Rf5 Kg7 58. Rd5 R8c7 59. Kf5 Kh6 60. Kf4 1/2-1/2


[Site "https://www.chess.com"]

[Event "Titled Tuesday Blitz October 5 2021"]
[White "Pasti, Aron"]
[Black "Tasev, Dejan"]
[WhiteFideId "785857"]
[BlackFideId "936618"]
[WhiteElo "2080"]
[BlackElo "2253"]
[Result "0-1"]
[Round "11"]
[TimeControl "180+1"]
[Date "2021.10.05"]
[WhiteClock "0:00:02"]
[BlackClock "0:00:45"]

1. e4 c6 2. Nf3 d5 3. Nc3 dxe4 4. Nxe4 Nf6 5. Qe2 Nxe4 6. Qxe4 Qd5 7. Qf4 Qf5 8. Qg3 Qxc2 9. Be2 Qg6 10. Qc7 Qe6 11. O-O Qd7 12. Qg3 Qd6 13. Ne5 Nd7 14. d4 Nxe5 15. dxe5 Qc7 16. Be3 Be6 17. b4 g6 18. b5 c5 19. Rac1 b6 20. Bf3 Rd8 21. Rfd1 Rxd1+ 22. Rxd1 Bg7 23. Bc6+ Kf8 24. Bf4 h6 25. Qd3 Kg8 26. h4 Kh7 27. h5 Bxe5 28. hxg6+ fxg6 29. Qe4 Bxf4 30. Qxe6 Qe5 31. Qf7+ Qg7 32. Qxf4 Rf8 33. Qe3 e5 34. Rd7 Rf7 35. Rd8 Rf8 36. Rd5 Rf5 37. Qb3 Rf7 38. Rd8 e4 39. Bd5 Qa1+ 40. Kh2 Qe5+ 41. Qg3 Qxg3+ 42. Kxg3 Re7 43. Rd6 e3 44. fxe3 Rxe3+ 45. Kf4 Re2 46. Rd7+ Kh8 47. Rxa7 Rd2 48. Ke5 Rf2 49. Be6 h5 50. Bf5 Rxf5+ 51. Ke6 c4 52. Rc7 Rxb5 53. Kf6 Rc5 54. Rd7 c3 55. Rd1 0-1


[Site "https://www.chess.com"]

[Event "Titled Tuesday Blitz October 5 2021"]
[White "Petesch, Gabriel"]
[Black "Solon, Nathan"]
[WhiteFideId "2032465"]
[BlackFideId "2017229"]
[WhiteElo "2374"]
[BlackElo "2658"]
[Result "0-1"]
[Round "11"]
[TimeControl "180+1"]
[Date "2021.10.05"]
[WhiteClock "0:00:02"]
[BlackClock "0:00:27"]

1. Nf3 d5 2. e3 Nf6 3. c4 e6 4. b3 c6 5. Bb2 Bd6 6. Be2 O-O 7. Qc2 Re8 8. Nc3 a6 9. e4 e5 10. cxd5 cxd5 11. Nxd5 Nxd5 12. exd5 Nd7 13. O-O Nf6 14. Rfe1 Bg4 15. d4 Rc8 16. Qd2 e4 17. Ne5 Bxe2 18. Qxe2 Bb4 19. Rec1 Qxd5 20. Rc4 Bd6 21. Rac1 Rcd8 22. R4c2 h6 23. Qc4 Qxc4 24. Rxc4 Nd5 25. g3 f6 26. Ng6 e3 27. fxe3 Nxe3 28. R4c3 Nf5 29. Rf3 Ne3 30. Nf4 Bxf4 31. Rxf4 Nd5 32. Rf2 Re4 33. Rc5 Kf7 34. a3 Ke6 35. Rcc2 f5 36. Rfe2 Re8 37. Kf2 Kd6 38. Rxe4 Rxe4 39. Rd2 g5 40. b4 Ne3 41. Rd3 Nc4 42. Bc3 Nxa3 43. Bd2 Nb5 44. Be3 Kd5 45. h4 f4 46. gxf4 gxf4 47. Bc1 Nxd4 48. Bb2 Re2+ 0-1


[Site "https://www.chess.com"]

[Event "Titled Tuesday Blitz October 5 2021"]
[White "Pichot, Alan"]
[Black "Kovalchuk94"]
[WhiteFideId "110973"]
[WhiteElo "2600"]
[BlackElo "2696"]
[Result "1/2-1/2"]
[Round "11"]
[TimeControl "180+1"]
[Date "2021.10.05"]
[WhiteClock "0:00:03"]
[BlackClock "0:00:05"]

1. e4 e5 2. Nf3 Nf6 3. Nxe5 d6 4. Nf3 Nxe4 5. Nc3 Nxc3 6. dxc3 Be7 7. Be3 Nd7 8. Qd2 Nf6 9. O-O-O O-O 10. Bd3 c5 11. Rhe1 Be6 12. Kb1 Qa5 13. c4 Qxd2 14. Bxd2 Rfe8 15. h3 Rad8 16. Ng5 Bd7 17. g4 Bc6 18. Bf4 h6 19. Ne4 d5 20. Nxf6+ Bxf6 21. cxd5 Rxe1 22. Rxe1 Bxd5 23. Bc7 Rc8 24. Bf5 Ra8 25. Be4 Bxe4 26. Rxe4 Rc8 27. Bf4 Rd8 28. Kc1 Kf8 29. c3 a6 30. a4 b5 31. Kc2 Be7 32. Re1 Bd6 33. Be3 c4 34. axb5 axb5 35. Ra1 Ke7 36. Ra7+ Rd7 37. Ra6 Rb7 38. Bd4 g6 39. Be3 h5 40. gxh5 gxh5 41. Bd4 Kd7 42. b3 cxb3+ 43. Kxb3 f5 44. Ra8 Rb8 45. Ra7+ Kc6 46. Rh7 b4 47. Rxh5 bxc3+ 48. Kxc3 Kd5 49. f3 Rc8+ 50. Kd3 Ke6 51. Rh6+ Kd5 52. Rh5 Ke6 53. Be3 Ra8 54. Bd2 Ra3+ 55. Ke2 Ra2 56. Ke1 Ra1+ 57. Ke2 Ra2 58. Kd3 Ra3+ 59. Ke2 Ra2 1/2-1/2


[Site "https://www.chess.com"]

[Event "Titled Tuesday Blitz October 5 2021"]
[White "Pires, Marcos Vinicius Torsani"]
[Black "Rosenberg, Evan S"]
[WhiteFideId "2118939"]
[BlackFideId "2019299"]
[WhiteElo "2273"]
[BlackElo "2280"]
[Result "1-0"]
[Round "11"]
[TimeControl "180+1"]
[Date "2021.10.05"]
[WhiteClock "0:00:07"]
[BlackClock "0:00:01"]

1. d4 Nf6 2. Bf4 b6 3. e3 Bb7 4. Nf3 Nh5 5. Bg5 h6 6. Bh4 g5 7. Nfd2 Ng7 8. Bg3 Nf5 9. c3 Nxg3 10. hxg3 Bg7 11. Nf3 d6 12. Nbd2 Nd7 13. Bd3 e6 14. Qe2 a6 15. e4 e5 16. d5 Qe7 17. Nf1 Nc5 18. Ne3 Nxd3+ 19. Qxd3 Bc8 20. O-O-O b5 21. Kb1 Rf8 22. g4 Bd7 23. Nd2 Qd8 24. Ndf1 Qc8 25. f3 Qb7 26. Ng3 O-O-O 27. Ngf5 Rg8 28. Nxh6 Bxh6 29. Rxh6 Rdf8 30. Rdh1 f6 31. Rh7 Be8 32. Nf5 Kb8 33. Ne7 Bg6 34. R7h6 Rg7 35. Nxg6 Rfg8 36. Nh8 Qa7 37. Rxf6 Qf2 38. Qc2 Qe3 39. Rfh6 Kb7 40. a3 a5 41. Ka2 b4 42. cxb4 axb4 43. Qb3 Qxb3+ 44. Kxb3 bxa3 45. bxa3 Rb8 46. Ng6 Ka7+ 47. Ka2 Rbg8 48. Rh7 Rxg6 49. Rxc7+ Kb6 50. Rhh7 Rb8 51. Rc6+ Kb5 52. Rhc7 Rh6 53. Rc2 Kb6 54. R7c6+ Kb7 55. Rb2+ Ka7 56. Rc7+ Ka8 57. Rxb8+ Kxb8 58. Rc2 Rh1 59. a4 Ka7 60. Kb3 Rg1 61. Kb4 Kb6 62. a5+ Ka6 63. Rc6+ Kb7 64. Rxd6 Rxg2 65. Rg6 Rf2 66. Rxg5 Rxf3 67. Rxe5 Rg3 68. Kc5 Rxg4 69. Re6 Rg1 70. a6+ Ka7 71. Kd6 Kxa6 72. Kd7+ Kb7 73. e5 Rg7+ 74. Re7 Rg5 75. Kd6+ Kb6 76. Re8 Rg6+ 77. e6 Kb7 78. Re7+ Kc8 79. Rh7 Rg8 80. Rh1 Rd8+ 81. Ke5 Rg8 82. Rc1+ Kd8 83. Kd6 1-0


[Site "https://www.chess.com"]

[Event "Titled Tuesday Blitz October 5 2021"]
[White "Popadic, Dragan"]
[Black "Noboa Silva, Kevin"]
[WhiteFideId "913650"]
[BlackFideId "3618471"]
[WhiteElo "2207"]
[BlackElo "2161"]
[Result "0-1"]
[Round "11"]
[TimeControl "180+1"]
[Date "2021.10.05"]
[WhiteClock "0:00:14"]
[BlackClock "0:00:04"]

1. e4 c5 2. Nc3 Nc6 3. f4 e6 4. Nf3 Rb8 5. Bc4 a6 6. a4 Nge7 7. Qe2 Nd4 8. Nxd4 cxd4 9. Nd1 Qc7 10. O-O d6 11. d3 b5 12. axb5 axb5 13. Bb3 Nc6 14. Bd2 Be7 15. f5 Ne5 16. h3 O-O 17. f6 Bxf6 18. Rxf6 gxf6 19. Bh6 Re8 20. Qf2 Qe7 21. Qxd4 Bd7 22. Qf2 Kh8 23. Ne3 Ra8 24. Rf1 Rg8 25. d4 Nc4 26. Bxc4 bxc4 27. Qh4 Rg6 28. Ng4 Ra7 29. e5 dxe5 30. dxe5 Bc6 31. exf6 Qc5+ 32. Kh1 Qd5 33. Bg7+ Kg8 34. Rf2 Ra1+ 35. Kh2 h5 36. Qg3 Ra8 37. Qh4 Ra7 38. Nh6+ Kh7 39. Nxf7 Rxg2+ 40. Rxg2 Qxg2# 0-1


[Site "https://www.chess.com"]

[Event "Titled Tuesday Blitz October 5 2021"]
[White "Potapova, Margarita"]
[Black "Snehal, Bhosale"]
[WhiteFideId "14126869"]
[BlackFideId "5021995"]
[WhiteElo "2214"]
[BlackElo "2103"]
[Result "1-0"]
[Round "11"]
[TimeControl "180+1"]
[Date "2021.10.05"]
[WhiteClock "0:02:52"]
[BlackClock "0:00:07"]

1. e4 e5 2. Nf3 Nc6 3. Nc3 Nf6 4. d4 exd4 5. Nxd4 Bb4 6. Nxc6 bxc6 7. Bd3 d5 8. exd5 cxd5 9. O-O O-O 10. Bg5 Be7 11. Qf3 c6 12. Rae1 h6 13. Bxh6 gxh6 14. Qe3 Be6 15. Qxh6 c5 16. Re5 Ne4 17. Rh5 Bf6 18. Qh7# 1-0


[Site "https://www.chess.com"]

[Event "Titled Tuesday Blitz October 5 2021"]
[White "Pridorozhni, Aleksei"]
[Black "Tristan, Leonardo"]
[WhiteFideId "4127870"]
[BlackFideId "113816"]
[WhiteElo "2850"]
[BlackElo "2701"]
[Result "1-0"]
[Round "11"]
[TimeControl "180+1"]
[Date "2021.10.05"]
[WhiteClock "0:00:13"]
[BlackClock "0:00:03"]

1. e4 d5 2. Nc3 dxe4 3. Nxe4 Bf5 4. Qf3 Qd5 5. d3 Nc6 6. Ng3 Qxf3 7. Nxf3 Bg4 8. Be2 Nf6 9. h3 Bd7 10. Bd2 e5 11. O-O-O O-O-O 12. Rhe1 h6 13. Bf1 Bd6 14. Bc3 Rhe8 15. Re2 Nd5 16. Bd2 Nf4 17. Bxf4 exf4 18. Rxe8 Rxe8 19. Ne4 Bf8 20. Nc3 g5 21. d4 Bg7 22. Ne2 f5 23. c3 Ne7 24. Kd2 Ng6 25. Nc1 g4 26. Ne1 h5 27. f3 Bc6 28. Ncd3 Bh6 29. Be2 a5 30. c4 Be4 31. Kc3 Bd5 32. Rd2 Bf7 33. a3 g3 34. b4 axb4+ 35. axb4 Bg7 36. Nc2 b5 37. cxb5 Ne7 38. Nc5 Nd5+ 39. Kb2 Nb6 40. Kc3 Nd5+ 41. Kb2 Nb6 42. Kc3 Bf6 43. Bd3 Nd5+ 44. Kb2 Bg6 45. Na4 Kb7 46. Nc3 Ne3 47. Na4 Rd8 48. Nc5+ Kb6 49. Nb3 Bf7 50. Kc3 Nd5+ 51. Kb2 Ne3 52. Kc3 Bxb3 53. Kxb3 Bxd4 54. Be2 Bf6 55. Rxd8 Bxd8 56. Nxe3 fxe3 57. f4 h4 58. Kc4 Be7 59. Kd5 Bxb4 60. Ke5 Kc5 61. Kxf5 Kd4 62. Kg4 Be7 63. Kf3 Kc3 64. Kxe3 Bc5+ 65. Ke4 Kd2 66. Bf3 Kc3 67. Kd5 Kb4 68. Be2 Bd6 69. f5 Bf8 70. f6 Kc3 71. Kc6 Kd2 72. Bf3 Ke3 73. Kxc7 1-0


[Site "https://www.chess.com"]